 Dungeon Crawl Stone Soup version 0.26.1-11-gd32895ea62 (webtiles) character file.

Game seed: 4385582330520400660

98 GenialerGandalf the Covered (level 4, -4/40 HPs)
             Began as a Hill Orc Fighter on Apr 23, 2021.
             Slain by a gnoll
             ... wielding a +0 whip of electrocution
              (18 damage)
             ... on level 2 of the Dungeon.
             The game lasted 00:07:04 (2365 turns).

GenialerGandalf the Covered (Hill Orc Fighter)      Turns: 2365, Time: 00:07:34

Health: -4/40      AC:  8    Str: 19    XL:     4   Next: 71%
Magic:  4/4        EV:  7    Int:  8    God:
Gold:   129        SH:  9    Dex: 10    Spells: 3/3 levels left

rFire    . . .     SeeInvis .   a - +0 war axe
rCold    . . .     Faith    .   c - +0 kite shield
rNeg     . . .     Spirit   .   b - +0 scale mail
rPois    .         Reflect  .   (no helmet)
rElec    .         Harm     .   (no cloak)
rCorr    .         Rampage  .   j - +0 pair of gloves
Will     .....                  (no boots)
Stlth    ..........             (no amulet)
HPRegen  0.13/turn              (no ring)
MPRegen  0.09/turn              (no ring)

@: no status effects
A: no striking features
a: no special abilities


You were on level 2 of the Dungeon.
You visited 1 branch of the dungeon, and saw 3 of its levels.

You collected 129 gold pieces.

Inventory:

Hand Weapons
 a - a +0 war axe (weapon)
 i - a +2 short sword of holy wrath
Armour
 b - a +0 scale mail (worn)
 c - a +0 kite shield (worn)
 j - a +0 pair of gloves (worn)
Scrolls
 h - a scroll of identify {unknown}
Potions
 d - a potion of might
 e - a potion of magic {unknown}
 f - a potion of heal wounds {unknown}
 g - a potion of curing {unknown}
 k - a potion of ambrosia {unknown}


   Skills:
 + Level 4.2 Fighting
 + Level 3.8 Axes
 + Level 4.2 Armour
 + Level 0.7 Dodging
 + Level 3.8 Shields


You had 3 spell levels left.
You didn't know any spells.
Your spell library was empty.

Dungeon Overview and Level Annotations

Branches:
Dungeon (3/15)

Altars:
Okawaru
Trog
The Shining One


Message History

There is a stone staircase leading down here.
You see here a +2 short sword of holy wrath.
i - a +2 short sword of holy wrath
There is a stone staircase leading down here.
Things that are here:
a +0 leather armour; a +0 mace; an orc corpse
There is a stone staircase leading down here.
You climb downwards.
The gnoll hits you but does no damage. You block the gnoll's attack. x2
There is a stone staircase leading up here.
The gnoll closely misses you. The gnoll hits you with a +0 club.
You climb upwards.
There is a stone staircase leading down here.
You hit the gnoll but do no damage. You hit the gnoll.
The gnoll hits you with a +0 whip of electrocution.
You are electrocuted!!
Ouch! That really hurt!
You block the gnoll's attack. The gnoll hits you but does no damage.
You are electrocuted!!
You die...

#÷# #.....# #.#
#.###.....# #.#
#.........# #.#
#.###.....###.#
#.##......?##.##########
#.##.#####.............#
#.##...#......########.##
#......#g)##### #...
#.####.[@g# #.## #.#
####)# #.## #.# #.# #...
#.# #.# #.## #.# #.# #.#
#.# #.######## #.# #†#
#........# #.# #.#
########.# #.# #.# #.#
#.#


You could see 2 gnolls.

Vanquished Creatures
  A gnoll (D:2)
  3 adders (D:2)
  2 oozes (D:2)
  A dart slug (D:2)
  2 leopard geckos (D:1)
  An orc (D:2)
  2 bats
  3 giant cockroaches
  10 goblins
  4 hobgoblins
  3 jackals
  A quokka (D:3)
  A ball python (D:1)
  3 frilled lizards
  5 kobolds
  4 rats
46 creatures vanquished.

Notes
Turn   | Place    | Note
-------+----------+-------------------------------------------
     0 | D:1      | GenialerGandalf the Hill Orc Fighter began the quest for
                  | the Orb.
     0 | D:1      | Reached XP level 1. HP: 19/19 MP: 1/1
   185 | D:1      | Reached XP level 2. HP: 26/27 MP: 2/2
   832 | D:2      | Found a bloodstained altar of Trog.
   864 | D:2      | Reached XP level 3. HP: 30/33 MP: 3/3
  1803 | D:2      | Reached XP level 4. HP: 40/40 MP: 4/4
  2112 | D:2      | Found a glowing golden altar of the Shining One.
  2314 | D:3      | Found an iron altar of Okawaru.
  2365 | D:2      | Slain by a gnoll

Illustrated notes

Levels and vault maps discovered:
D:1:      lemuel_arrival_rhombus, layout_basic, st_stairs_6
D:2:      layout_loops_ring, lemuel_round_altar, marbit_many_paths
D:3:      layout_basic, gammafunk_temple_overflow_statue, old_standard_altar,
          chequers_ecumenical_altar_simple, serial_bayou_pond_c,
          bh_walls_and_bars, uniq_grinder

Skill      XL: |  1  2  3 |
---------------+----------+-----
Axes           | 3 |  3.8
Fighting       | 4 |  4.2
Armour         | 4 |  4.2
Dodging        | |  0.7
Shields        | |  3.8

Action                   |  1- 3 |  4- 6 || total
-------------------------+-------+-------++-------
Melee: War axe           |    85 |    57 ||   142
  Use: Scroll            |       |     1 ||     1
Armor: Scale mail        |    57 |    34 ||    91
Dodge: Dodged            |    35 |    16 ||    51
Block: Kite shield       |    50 |    38 ||    88
